 Dungeon Crawl Stone Soup version 0.20.0-10-g0535bb4 (webtiles) character file.

346 Gorglomux the Ruffian (level 6, -2/61 HPs)
             Began as a Troll Venom Mage on June 3, 2017.
             Killed by divine providence
             ... invoked by an orc priest
              (10 damage)
             ... on level 4 of the Dungeon.
             The game lasted 00:02:18 (2466 turns).

Gorglomux the Ruffian (Troll Venom Mage)            Turns: 2466, Time: 00:02:19

Health: -2/61      AC:  5    Str: 22    XL:     6   Next: 32%
Magic:  0/6        EV: 10    Int: 11    God:
Gold:   115        SH:  0    Dex: 11    Spells: 6/7 levels left

rFire    . . .     SeeInvis .     - Unarmed
rCold    . . .     Gourm    +   (no shield)
rNeg     . . .     Faith    .   a - +0 robe
rPois    .         Spirit   +   (helmet restricted)
rElec    .         Reflect  .   (no cloak)
rCorr    .         Harm     .   (gloves unavailable)
MR       .....                  (boots unavailable)
Stlth    +.........             C - amulet of guardian spirit
Regen    0.6/turn               I - +4 ring of strength
MPRegen  0.1/turn               (no ring)

@: no status effects
A: unfitting armour, claws 3, fast metabolism 3, gourmand, regeneration 1,
shaggy fur 1, tough skin 2
a: no special abilities


You were on level 4 of the Dungeon.
You were very full.

You visited 1 branch of the dungeon, and saw 4 of its levels.

You collected 115 gold pieces.

Inventory:

Missiles
 Z - 2 throwing nets (quivered)
Armour
 a - a +0 robe (worn)
Jewellery
 C - an amulet of guardian spirit (around neck)
 I - a +4 ring of strength (left claw)
Scrolls
 d - a scroll of amnesia {unknown}
 e - a scroll of fog {unknown}
 f - a scroll of random uselessness {unknown}
 g - 2 scrolls of teleportation {unknown}
 i - 3 scrolls of remove curse {unknown}
 A - 4 scrolls of identify {unknown}
 F - a scroll of blinking {unknown}
 H - a scroll of noise {unknown}
 Y - a scroll of magic mapping {unknown}
Potions
 l - a potion of brilliance {unknown}
 m - a potion of magic {unknown}
 n - a potion of haste {unknown}
 o - a potion of heal wounds {unknown}
 E - a potion of might {unknown}
 G - a potion of agility {unknown}
 J - a potion of curing {unknown}
Books
 b - a Young Poisoner's Handbook

   Spells                             Type                      Level
   a - Sting                          Conjuration/Poison           1
   b - Poisonous Vapours              Poison/Air                   2
   c - Mephitic Cloud                 Conjuration/Poison/Air       3
   d - Olgreb's Toxic Radiance        Poison                       4
   e - Venom Bolt                     Conjuration/Poison           5
Comestibles
 c - 3 bread rations
 j - 5 fruits
 z - a meat ration
 B - 3 royal jellies


   Skills:
 + Level 3.6 Fighting
 - Level 1.5 Dodging
 - Level 1.0 Stealth
 + Level 4.3 Unarmed Combat
 - Level 1.2 Spellcasting
 - Level 0.6 Conjurations
 - Level 2.1 Poison Magic


You had 6 spell levels left.
You knew the following spells:

 Your Spells              Type           Power        Failure   Level  Hunger
a - Sting                 Conj/Pois      #...         19%         1    ##.....


Dungeon Overview and Level Annotations

Branches:
Dungeon (4/15)
 Temple: D:4-7

Altars:
Fedhas
Xom
The Shining One


Innate Abilities, Weirdness & Mutations

You are too large for most types of armour.
You have claws for hands.
Your metabolism is lightning-fast.
You like to eat raw meat.
Your natural rate of healing is unusually fast.
You are covered in fur. (AC +1)
You have very tough skin. (AC +2)


Message History

The gnoll shaman closely misses you. The orc hits you but does no damage.
The orc priest mumbles some strange prayers to Beogh against you.
Beogh smites you!
* * * LOW HITPOINT WARNING * * *
The orc hits you with a club!
* * * LOW HITPOINT WARNING * * *
A gnoll comes into view. It is wielding a flail.
You are too injured to fight recklessly!
You are too injured to fight recklessly!
Unknown command.
The orc hits you with a club.
* * * LOW HITPOINT WARNING * * *
The orc priest looks satisfied for a moment.
There is a stone staircase leading up here.
The orc hits you but does no damage. The gnoll shaman barely misses you.
The orc hits you from afar with a trident.
* * * LOW HITPOINT WARNING * * *
The orc priest calls down the wrath of Beogh upon you.
Beogh smites you!
You die...

.... ...# #..## #..##
### ##..#######.... .
####......#.>.....
....###........g.)o.....
.......).....oo.<......#
........##..@gog#......#
..#####.........♣♣♣♣♣..#
#####..#..♣ .. #>.##...+
. ...##..#♣# .... ....
..##. .##. .. 8. ..


You could see a gnoll shaman, an orc priest, 2 gnolls and 3 orcs.

Vanquished Creatures
  Eustachio (D:4)
  Natasha (D:4)
  5 gnolls
  4 adders
  3 oozes
  3 worms (D:2)
  3 leopard geckos
  9 orcs (D:3)
  9 bats
  3 giant cockroaches
  5 hobgoblins
  9 kobolds
  2 quokkas (D:3)
  2 ball pythons
  4 frilled lizards
  4 goblins
  7 rats
74 creatures vanquished.

Notes
Turn   | Place    | Note
-------+----------+-------------------------------------------
     0 | D:1      | Gorglomux the Troll Venom Mage began the quest for the Orb.
     0 | D:1      | Reached XP level 1. HP: 16/16 MP: 1/1
   155 | D:1      | Reached skill level 1 in Fighting
   155 | D:1      | Reached skill level 1 in Unarmed Combat
   155 | D:1      | Reached XP level 2. HP: 23/27 MP: 2/2
   825 | D:1      | Reached skill level 2 in Unarmed Combat
   825 | D:1      | Reached XP level 3. HP: 25/33 MP: 3/3
   949 | D:2      | Found a shimmering altar of Xom.
  1450 | D:2      | Found a glowing golden altar of the Shining One.
  1450 | D:2      | Found a blossoming altar of Fedhas.
  1499 | D:3      | Reached XP level 4. HP: 21/42 MP: 4/4
  1500 | D:3      | HP: 1/42 [orc/flail (12)]
  2041 | D:3      | Reached skill level 3 in Unarmed Combat
  2046 | D:3      | Reached XP level 5. HP: 43/50 MP: 3/5
  2384 | D:4      | Noticed Eustachio
  2401 | D:4      | Killed Eustachio
  2401 | D:4      | Reached skill level 3 in Fighting
  2401 | D:4      | Reached skill level 4 in Unarmed Combat
  2401 | D:4      | Reached XP level 6. HP: 37/61 MP: 3/6
  2443 | D:4      | Noticed Natasha
  2450 | D:4      | Killed Natasha
  2466 | D:4      | Killed from afar by an orc priest

Skill      XL: |  1  2  3  4  5 |
---------------+----------------+-----
Fighting       | 1 2 3 |  3.6
Unarmed Combat | 1 2 3 4 |  4.3
Dodging        | |  1.5
Stealth        | |  1.0
Spellcasting   | |  1.2
Conjurations   | |  0.6
Poison Magic   | |  2.1

Action                   |  1- 3 |  4- 6 || total
-------------------------+-------+-------++-------
Melee: Unarmed           |   134 |    96 ||   230
       Punch             |     4 |     1 ||     5
 Cast: Sting             |     1 |       ||     1
 Stab: Sleeping          |     3 |     2 ||     5
  Eat: Chunk             |    19 |     8 ||    27
Armor: Robe              |    52 |    26 ||    78
Dodge: Dodged            |    78 |    51 ||   129
